 Dungeon Crawl Stone Soup version 0.29-a0-321-gf1c400731a (webtiles) character file.

Game seed: 17307451714572697600

434 YayAnonymity the Shield-Bearer (level 7, -3/52 HPs)
             Began as a Formicid Fighter on Apr 3, 2022.
             Slain by a two-headed ogre
             ... wielding a +0 giant club
              (9 damage)
             ... on level 5 of the Dungeon.
             The game lasted 00:10:16 (4105 turns).

YayAnonymity the Shield-Bearer (Formicid Fighter)   Turns: 4105, Time: 00:10:16

Health: -3/52      AC:  9    Str: 23    XL:     7   Next: 20%
Magic:  7/7        EV:  7    Int:  7    God:
Gold:   258        SH:  5    Dex: 10    Spells: 6/6 levels left

rFire   . . .      SeeInvis +   y - +5 hand axe of Insufficient Pleasure {holy, Will+ rCorr}
rCold   . . .      Faith    .   c - +0 buckler
rNeg    . . .      Spirit   .   t - +0 chain mail
rPois   .          Reflect  .   (helmet unavailable)
rElec   .          Harm     .   (no cloak)
rCorr   +          Rampage  .   (no gloves)
Will    ++...                   (no boots)
Stlth   ..........              (no amulet)
HPRegen 0.17/turn               o - ring of resist corrosion
MPRegen 0.10/turn               x - ring of willpower

@: mighty
A: permanent stasis, dig shafts and tunnels, antennae 3, four strong arms
a: Dig, Shaft Self


You were on level 5 of the Dungeon.
You visited 1 branch of the dungeon, and saw 6 of its levels.

You collected 258 gold pieces.

Inventory:

Hand Weapons
 r - a +0 club
 y - the +5 hand axe of Insufficient Pleasure (weapon) {holy, Will+ rCorr}
   (You found it on level 5 of the Dungeon)

   It has been blessed by the Shining One to cause great damage to the undead
   and demons.
   rCorr:     It protects you from acid and corrosion.
   Will:      It increases your willpower.
Missiles
 g - 135 stones (quivered)
Armour
 c - a +0 buckler (worn)
 t - a +0 chain mail (worn)
Jewellery
 o - a ring of resist corrosion (left hand)
 x - a ring of willpower (right hand)
Scrolls
 e - a scroll of enchant armour {unknown}
 j - 2 scrolls of enchant weapon
 k - a scroll of magic mapping
 n - a scroll of fog {unknown}
 p - a scroll of summoning {unknown}
 q - a scroll of vulnerability {unknown}
 u - a scroll of blinking {unknown}
 v - a scroll of noise
 w - 2 scrolls of identify {unknown}
Potions
 b - a potion of attraction {unknown}
 d - 3 potions of might
 f - 3 potions of mutation {unknown}
 h - 2 potions of heal wounds {unknown}
 i - a potion of degeneration {unknown}
 l - a potion of curing {unknown}
 m - a potion of brilliance {unknown}
 s - a potion of cancellation {unknown}
 z - a potion of lignification {unknown}


   Skills:
 - Level 3.2 Fighting
 * Level 5.5 Axes
 + Level 4.5 Armour
 + Level 5.6 Shields


You had 6 spell levels left.
You didn't know any spells.
Your spell library contained the following spells:

 Spells                   Type           Power      Damage    Failure   Level
 Beastly Appendage        Tmut           0%         N/A       99%         1
 Sublimation of Blood     Necr           0%         N/A       99%         2
 Wereblood                Tmut           0%         N/A       99%         2
 Spider Form              Tmut/Pois      0%         N/A       100%        3
 Petrify                  Tmut/Erth      0%         N/A       100%        4
 Irradiate                Conj/Tmut      0%         3d13      100%        5
 Manifold Assault         Tloc           0%         N/A       100%        5
 Storm Form               Tmut/Air       0%         N/A       100%        7
 Blink                    Tloc           Unusable   N/A       N/A         2

Dungeon Overview and Level Annotations

Branches:
Dungeon (6/15)
 Temple: D:4-7

Altars:


Innate Abilities, Weirdness & Mutations

You cannot be hasted, slowed, berserked, paralysed or teleported.
You can dig through walls and to a lower floor.
You have a pair of large antennae on your head. (SInv)
Your four strong arms can wield two-handed weapons with a shield.


Message History

The adder is severely wounded.
The adder bites you but does no damage.
You miss the adder.
The adder is severely wounded.
The adder barely misses you.
You miss the adder.
The adder is severely wounded.
The adder bites you but does no damage. The adder closely misses you.
You miss the adder.
The adder is severely wounded.
The adder bites you but does no damage.
You miss the adder.
The adder is severely wounded.
The adder bites you but does no damage.
You slash the adder!
You kill the adder!
You start resting.
HP restored.
You see here a +0 halberd.
Things that are here:
a +0 club; a gnoll corpse
There is a stone staircase leading up here.
You climb upwards.
The two-headed ogre completely misses you.
The two-headed ogre hits you with a +0 giant club!!
There is a stone staircase leading down, spattered with blood here.
You feel very mighty all of a sudden. The two-headed ogre barely misses you.
You block the two-headed ogre's attack.
You slash the two-headed ogre!
The two-headed ogre is moderately wounded.
You slash the two-headed ogre!
The two-headed ogre is heavily wounded.
The two-headed ogre hits you with a +0 giant club!
The two-headed ogre hits you with a +0 giant club.
You barely miss the two-headed ogre.
The two-headed ogre is heavily wounded.
The two-headed ogre hits you with a +0 giant club!
* * * LOW HITPOINT WARNING * * *
The two-headed ogre hits you with a +0 giant club!
You die...

......#......................
......#.####.................
.....##.## ########...#####.#
#######..# #.........# ##.#
#######...####### #### #.#
#..........# ...# #.#
#.###.#....# ##.# #.#
##.#....# #.#####.# #
#@......# #.......#
#.##.O#.##.# #.#######
#.#.........# ##.#
#..........# ...#
#.##.####.## #### ....... ...
...#.##..# ##.. .... #.># ..
.. #... .#


You could see a two-headed ogre.

Vanquished Creatures
  A phantom (D:5)
  2 scorpions
  A jelly (D:4)
  A hound (D:3)
  3 gnolls (D:6)
  8 adders
  An ufetubus (D:5)
  3 worms
  2 dart slugs (D:2)
  4 bats
  5 endoplasms
  4 giant cockroaches
  5 goblins
  5 hobgoblins
  4 quokkas
  5 ball pythons
  3 frilled lizards
  4 kobolds
  4 rats
65 creatures vanquished.

Vanquished Creatures (others)
  9 plants (D:2)
9 creatures vanquished.

Grand Total: 74 creatures vanquished

Notes
Turn   | Place    | Note
-------+----------+-------------------------------------------
     0 | D:1      | YayAnonymity the Formicid Fighter began the quest for the
                  | Orb.
     0 | D:1      | Reached XP level 1. HP: 18/18 MP: 1/1
   154 | D:1      | Found a faded altar of an unknown god.
   168 | D:1      | Reached XP level 2. HP: 24/24 MP: 2/2
   971 | D:2      | Reached XP level 3. HP: 25/29 MP: 3/3
  1299 | D:2      | Reached XP level 4. HP: 35/35 MP: 4/4
  2313 | D:3      | Reached XP level 5. HP: 35/41 MP: 5/5
  2870 | D:3      | Reached skill level 5 in Shields
  3271 | D:4      | Reached XP level 6. HP: 18/47 MP: 6/6
  3600 | D:5      | Entered Level 5 of the Dungeon
  3600 | D:5      | Noticed a vampire
  3657 | D:4      | Reached skill level 5 in Axes
  3704 | D:5      | Identified the +5 hand axe of Insufficient Pleasure {holy,
                  | Will+ rCorr}
  3917 | D:5      | Reached XP level 7. HP: 52/52 MP: 7/7
  3932 | D:5      | Noticed a two-headed ogre
  4105 | D:5      | Slain by a two-headed ogre

Illustrated notes

Levels and vault maps discovered:
D:1:      matt_arrival_diagonals, layout_basic,
          hellmonk_ecumenical_altar_crossroads
D:2:      layout_loops_ring, nrook_mini_vaults, chequers_big_river,
          minmay_indecisive_spiral
D:3:      layout_loops_ring
D:4:      layout_gridville, chequers_serial_rivers_small_a, grunt_ministairs_3,
          chequers_serial_rivers_micro_c
D:5:      layout_loops_cross
D:6:      layout_rooms, minmay_temple_entry_offerings,
          chequers_decorated_corner, grunt_decor_cap, uniq_blork_the_orc,
          uniq_eustachio

Skill      XL: |  1  2  3  4  5  6 |
---------------+-------------------+-----
Shields        | 4 5 |  5.6
Axes           | 3 4 5 |  5.5
Armour         | 4 |  4.5
Fighting       | |  3.2

Action                   |  1- 3 |  4- 6 |  7- 9 || total
-------------------------+-------+-------+-------++-------
Melee: War axe           |    76 |   102 |       ||   178
       Hand axe          |       |    10 |    31 ||    41
Throw: Stone             |       |     4 |       ||     4
 Abil: Dig               |       |     4 |       ||     4
  Use: Scroll            |       |     4 |     1 ||     5
       Potion            |       |       |     1 ||     1
Armor: Scale mail        |    35 |    23 |       ||    58
       Chain mail        |       |    29 |    12 ||    41
Dodge: Dodged            |    42 |    34 |    13 ||    89
Block: Buckler           |    12 |    26 |     6 ||    44

Table legend: (Time is in decaauts)
 A = Elapsed time spent in this place.
 B = Non-inter-level travel time spent in this place.
 C = Inter-level travel time spent in this place.
 D = Time resting spent in this place.
 E = Time spent auto-exploring this place.
 F = Levels seen in this place.
 G = Mean time per level.
                   A        B        C        D        E       F      G
               +--------+--------+--------+--------+--------+-----+--------+
         Total |   4181 |   3830 |    351 |    531 |   2456 |   6 |  696.8 |
       Dungeon |   4181 |   3830 |    351 |    531 |   2456 |   6 |  696.8 |
               +--------+--------+--------+--------+--------+-----+--------+

Top non-repeatable levels by time:
     D:2: 1267 daAuts
     D:3: 1102 daAuts
     D:1: 939 daAuts
     D:4: 436 daAuts
     D:5: 272 daAuts
     D:6: 163 daAuts
